 Dungeon Crawl Stone Soup version 0.26.0-9-gab577f9fc5 (webtiles) character file.

Game seed: 16145047947704354549

44 Kullinuha the Ruffian (level 3, 0/30 HPs)
             Began as a Draconian Transmuter on Jan 11, 2021.
             Succumbed to a kobold's poison
             ... on level 1 of the Dungeon on Jan 13, 2021.
             The game lasted 00:27:49 (1429 turns).

Kullinuha the Ruffian (Draconian Transmuter)        Turns: 1429, Time: 00:27:50

Health: 0/30       AC:  5    Str: 12    XL:     3   Next: 39%
Magic:  6/6        EV: 12    Int: 14    God:
Gold:   53         SH:  0    Dex: 11    Spells: 5/6 levels left

rFire    . . .     SeeInvis .   c - +0 whip (curse)
rCold    . . .     Faith    .   (no shield)
rNeg     . . .     Spirit   .   (armour unavailable)
rPois    .         Reflect  .   (helmet restricted)
rElec    .         Harm     .   (no cloak)
rCorr    .         Rampage  .   (no gloves)
Will     .....                  (no boots)
Stlth    +.........             (no amulet)
HPRegen  0.10/turn              (no ring)
MPRegen  0.10/turn              (no ring)

@: lethally poisoned (0 -> -11)
A: unfitting armour, robust 1, cold-blooded, AC +5
a: no special abilities


You were on level 1 of the Dungeon.
You visited 1 branch of the dungeon, and saw 2 of its levels.

You collected 53 gold pieces.

Inventory:

Hand Weapons
 a - a +1 spear
 c - a cursed +0 whip (weapon)
Missiles
 f - 6 stones (quivered)
Wands
 b - a wand of acid (8)
Potions
 g - a potion of resistance


   Skills:
 * Level 1.3 Fighting
 * Level 2.1 Dodging
 * Level 1.0 Stealth
 * Level 3.5 Unarmed Combat
 - Level 2.2 Spellcasting
 * Level 2.3 Transmutations


You had 5 spell levels left.
You knew the following spells:

 Your Spells              Type           Power        Failure   Level
a - Beastly Appendage     Tmut           16%          9%          1

Your spell library contained the following spells:

 Spells                   Type           Power        Failure   Level
 Wereblood                Tmut           8%           14%         2
 Spider Form              Tmut/Pois      2%           41%         3
 Ice Form                 Ice/Tmut       4%           82%         4
 Blade Hands              Tmut           4%           94%         5


Dungeon Overview and Level Annotations

Branches:
Dungeon (2/15)

Altars:


Innate Abilities, Weirdness & Mutations

Your plain brown scales are hard. (AC +5)
You cannot fit into any form of body armour.
You are cold-blooded and may be slowed by cold attacks.
You are robust. (+10% HP)


Message History

The dart slug is moderately wounded.
* * * LOW HITPOINT WARNING * * *
You feel sick.
The dart slug bites you but does no damage.
You hit the dart slug.
The dart slug is heavily wounded.
* * * LOW HITPOINT WARNING * * *
You feel sick.
You hit the dart slug.
The dart slug is severely wounded.
* * * LOW HITPOINT WARNING * * *
You feel sick. The dart slug closely misses you.
* * * LOW HITPOINT WARNING * * *
You feel sick.
There is an escape hatch in the ceiling here.
Items here: ) †††.
* * * LOW HITPOINT WARNING * * *
You feel sick. A mysterious force pulls you upwards.
The hatch slams shut behind you.
You die...

...[..#.......#...............#
#####.#.#####.#.#################
#...#.#.#...#.#.#...#............
..#.#.#...#.#.#...#.#############
###.#.#####.#.#####.#
....#.......#.......#
#####################
#.#.#.####.#######.#
#.#.............@w.#
#.###.###..#########
#..............###############
#.#.#.###....#.#.............#
#.#.#..[.....#.#.............#
..#..........#.#.............#
#.#..........#.#.............#
#..†.....##..#.#.............##
###)####.##..................'#


You could see a dart slug.

Vanquished Creatures
  2 adders (D:2)
  An ooze (D:2)
  4 bats
  2 giant cockroaches
  A goblin (D:1)
  2 hobgoblins (D:2)
  A jackal (D:1)
  A quokka (D:2)
  5 frilled lizards
  3 kobolds
22 creatures vanquished.

Notes
Turn   | Place    | Note
-------+----------+-------------------------------------------
     0 | D:1      | Kullinuha the Draconian Transmuter began the quest for the
                  | Orb.
     0 | D:1      | Reached XP level 1. HP: 16/16 MP: 3/3
   326 | D:1      | Upgraded the game from 0.26.0-7-g794d0892b4 to
                  | 0.26.0-8-g74fc34ddfb
   634 | D:1      | Upgraded the game from 0.26.0-8-g74fc34ddfb to
                  | 0.26.0-9-gab577f9fc5
   703 | D:1      | Reached XP level 2. HP: 23/23 MP: 3/5
  1140 | D:2      | Gained mutation: You are robust. (+10% HP) [potion of
                  | mutation]
  1153 | D:2      | Reached XP level 3. HP: 17/30 MP: 4/6
  1415 | D:2      | Reached skill level 1 in Stealth
  1429 | D:1      | Succumbed to a kobold's poison

Illustrated notes

Levels and vault maps discovered:
D:1:      elethiomel_arrival_shortcut, layout_basic, st_stairs_9,
          patterned_corridor
D:2:      layout_rooms, fedhas_altar_2

Skill      XL: |  1  2  3 |
---------------+----------+-----
Dodging        | 2 |  2.1
Stealth        | 1 |  1.0
Fighting       | |  1.3
Unarmed Combat | |  3.5
Spellcasting   | |  2.2
Transmutations | |  2.3

Action                   || total
-------------------------++-------
Melee: Unarmed           ||    43
       Spear             ||     5
       Tailslap          ||     5
       Headbutt          ||     2
       Punch             ||     2
       Whip              ||    31
Throw: Stone             ||     1
 Cast: Beastly Appendage ||     6
  Use: Scroll            ||     5
       Potion            ||     3
 Stab: Sleeping          ||     1
Armor: Skin              ||    24
Dodge: Dodged            ||    49
